 Dungeon Crawl Stone Soup version 0.22-a0-580-gd5db89c (webtiles) character file.

2364 varam the Conjurer (level 9, 0/57 HPs)
             Began as an Octopode Wizard on July 3, 2018.
             Slain by a bullfrog (5 damage)
             ... on level 6 of the Dungeon.
             The game lasted 00:38:11 (9696 turns).

varam the Conjurer (Octopode Wizard)                Turns: 9696, Time: 00:38:12

Health: 0/57       AC:  1    Str:  6    XL:     9   Next: 44%
Magic:  9/17       EV: 12    Int: 23    God:
Gold:   367        SH:  0    Dex: 11    Spells: 8/19 levels left

rFire    . . .     SeeInvis .   E - +2 whip (elec)
rCold    . . .     Gourm    +   (no shield)
rNeg     . . .     Faith    .   a - +0 hat
rPois    +         Spirit   .   H - amulet of the gourmand
rElec    .         Reflect  .   o - ring of poison resistance
rCorr    .         Harm     .   m - ring of protection from magic
MR       +....                  (no ring)
Stlth    ++........             (no ring)
HPRegen  0.19/turn              (no ring)
MPRegen  0.15/turn              (no ring)
                                (no ring)
                                (no ring)

@: lethally poisoned (0 -> -1), very slightly contaminated, heavily drained
A: almost no armour, stealthy swim, amphibious, 8 rings, constrict 8, camouflage
1, gelatinous body 1
a: no special abilities


You were on level 6 of the Dungeon.
You were not hungry.

You visited 1 branch of the dungeon, and saw 6 of its levels.

You collected 367 gold pieces.

Inventory:

Hand Weapons
 p - a +0 hunting sling
 t - a +2 dagger of protection
 v - a +0 rapier
 y - a +0 short sword of venom
 E - a +2 whip of electrocution (weapon)
 F - a cursed -3 blowgun
Missiles
 b - 39 poisoned needles
 g - 99 sling bullets
 l - 300 stones (quivered)
Armour
 a - a +0 hat (worn)
Jewellery
 m - a ring of protection from magic (right tentacle)
 o - a ring of poison resistance (left tentacle)
 H - an amulet of the gourmand (around mantle)
Wands
 A - a wand of disintegration (12)
 G - a wand of iceblast (3)
Scrolls
 f - 2 scrolls of magic mapping
 i - a scroll of blinking {unknown}
 j - 2 scrolls of teleportation {unknown}
 k - a scroll of enchant weapon {unknown}
 n - 2 scrolls of immolation {unknown}
 r - a scroll of identify
 u - a scroll of noise {unknown}
 w - 8 scrolls of remove curse
 x - 2 scrolls of enchant armour
 z - a scroll of fog {unknown}
 D - a scroll of fear {unknown}
Potions
 c - a potion of heal wounds {unknown}
 d - a potion of might
 h - 2 potions of invisibility
 q - a potion of curing
 s - 2 potions of brilliance
 B - a potion of haste {unknown}
 C - 3 potions of magic
Comestibles
 e - 6 rations


   Skills:
 - Level 3.2(1.0) Fighting
 - Level 2.6(0.4) Dodging
 - Level 3.1(0.9) Stealth
 + Level 5.5(3.2) Spellcasting
 + Level 6.3(4.0) Conjurations
 - Level 2.0(0.0) Summonings
 - Level 2.0(0.0) Translocations
 - Level 2.0(0.0) Fire Magic
 + Level 5.1(2.9) Air Magic
 + Level 6.2(3.8) Poison Magic


You had 8 spell levels left.
You knew the following spells:

 Your Spells              Type           Power        Failure   Level  Hunger
a - Magic Dart            Conj           ###.         2%          1    None
b - Call Imp              Summ           #.......     17%         2    ##.....
c - Blink                 Tloc           N/A          17%         2    ##.....
d - Mephitic Cloud        Conj/Pois/Air  ###.....     8%          3    ###....
e - Conjure Flame         Conj/Fire      ##......     16%         3    ###....

Your spell library contained the following spells:

 Spells                   Type           Power        Failure   Level  Hunger
 Slow                     Hex            #.......     17%         2    ##.....


Dungeon Overview and Level Annotations

Branches:
Dungeon (6/15)
 Temple: D:4-7

Altars:
Ashenzari
Ru
Wu Jian
Beogh

Annotations:
D:3 Grinder
D:4 1 exclusion, Paulus's ghost, novice VSFi
D:6 HydraWiggins's ghost, novice GnVM


Innate Abilities, Weirdness & Mutations

You cannot wear most types of armour.
You are very stealthy in the water. (Stealth+)
You are amphibious.
You can wear up to eight rings at the same time.
You can use your tentacles to constrict eight enemies at once.
Your skin changes colour to match your surroundings (Stealth+).
Your rubbery body absorbs attacks. (AC +1, EV +1)


Message History

An orc comes into view.
The orc shouts!
The bullfrog hits you.
* * * LOW HITPOINT WARNING * * *
You feel sick. The bullfrog hits you.
* * * LOW HITPOINT WARNING * * *
Casting: Blink (safe; 17% risk of failure)
Confirm with . or Enter, or press ? or * to list all spells.
You miscast Blink.
You are very lightly contaminated with residual magic.
You catch a glimpse of the back of your own head.
The bullfrog closely misses you.
Casting: Blink (safe; 17% risk of failure)
Confirm with . or Enter, or press ? or * to list all spells.
You miscast Blink.
The floor and the ceiling briefly switch places.
The bullfrog hits you.
* * * LOW HITPOINT WARNING * * *
The bullfrog hits you.
You die...

.# #.##.# #......# # .#
#....#####......####.### .#
######...................
.#####....#........##.###.....
....##'##.....................
##........#......####'####.###
#........#......#.^#.#^l#
#........######.####.####
##.##'#### ##@#.^#.#^.# #.##.#
#.F####.#### .
#.##.########..#.ยง#^#^s# ..
#.##F..o)o..)..####+####..
#F##########.#....#$#....
#)#.....# #.####.###.## ##
#(#.....# #.# #.....# #.
#(#..J(.# #.# ####W## ###+
#...FZ<.# #.# ###.#######...


You could see a bullfrog.

Vanquished Creatures
  Pikel (D:5)
  Sigmund (D:4)
  Edmund (D:4)
  An orc warrior (D:5)
  3 slaves (D:5)
  2 centaurs
  5 big kobolds
  2 bullfrogs (D:6)
  A scorpion (D:4)
  2 howler monkeys
  A crimson imp (D:6)
  A bullfrog zombie (D:5)
  An orc priest (D:4)
  A centaur skeleton (D:6)
  A hound (D:4)
  5 orc wizards
  2 bullfrog skeletons (D:4)
  An iguana (D:5)
  2 worker ants
  10 gnolls
  7 adders
  2 shadow imps (D:5)
  An ooze (D:3)
  2 adder zombies
  3 dart slugs
  3 leopard geckos
  19 orcs
  5 bats
  7 giant cockroaches
  38 goblins
  25 hobgoblins
  5 jackals
  28 kobolds
  3 quokkas
  6 frilled lizards
  9 rats
  A plant (D:4)
208 creatures vanquished.

Vanquished Creatures (collateral kills)
  A bullfrog (D:6)
  A crimson imp (D:6)
  A worker ant (D:4)
  An orc (D:4)
  3 jackals (D:1)
7 creatures vanquished.

Vanquished Creatures (others)
  A slave (D:5)
  A leopard gecko skeleton (D:4)
  4 plants (D:4)
6 creatures vanquished.

Grand Total: 221 creatures vanquished

Notes
Turn   | Place    | Note
-------+----------+-------------------------------------------
     0 | D:1      | varam the Octopode Wizard began the quest for the Orb.
     0 | D:1      | Reached XP level 1. HP: 11/11 MP: 4/4
   165 | D:1      | Reached XP level 2. HP: 17/17 MP: 3/6
   339 | D:1      | Learned a level 2 spell: Call Imp
   346 | D:1      | Learned a level 2 spell: Blink
   669 | D:1      | Reached XP level 3. HP: 16/21 MP: 1/7
  1272 | D:2      | Learned a level 3 spell: Mephitic Cloud
  1838 | D:2      | Reached XP level 4. HP: 27/27 MP: 0/8
  2071 | D:2      | Reached skill level 1 in Poison Magic
  2836 | D:3      | Reached skill level 1 in Air Magic
  3045 | D:3      | Reached XP level 5. HP: 30/31 MP: 6/9
  3843 | D:3      | Reached XP level 6. HP: 37/37 MP: 10/10
  4232 | D:3      | Noticed Grinder
  4344 | D:4      | Reached skill level 1 in Fighting
  4659 | D:4      | Learned a level 3 spell: Conjure Flame
  4672 | D:4      | Found a runed gate.
  4673 | D:4      | Found a runed gate.
  4674 | D:4      | Found a runed gate.
  4677 | D:4      | Noticed Paulus's ghost (novice VSFi)
  5001 | D:4      | Reached skill level 1 in Fire Magic
  5001 | D:4      | Reached XP level 7. HP: 37/44 MP: 4/11
  5349 | D:4      | Noticed Edmund
  5545 | D:4      | Noticed Sigmund
  5624 | D:4      | Found a roughly hewn altar of Beogh.
  5651 | D:5      | Entered Level 5 of the Dungeon
  5782 | D:5      | Found an ornate altar of the Wu Jian Council.
  5786 | D:5      | Found a shattered altar of Ashenzari.
  5787 | D:5      | Found a sacrificial altar of Ru.
  6411 | D:5      | Reached XP level 8. HP: 34/52 MP: 4/13
  7007 | D:5      | Noticed Pikel
  7338 | D:6      | Reached skill level 5 in Conjurations
  8162 | D:5      | Killed Pikel
  8162 | D:5      | Reached skill level 5 in Spellcasting
  8162 | D:5      | Reached skill level 5 in Poison Magic
  8162 | D:5      | Reached XP level 9. HP: 51/57 MP: 2/16
  9109 | D:4      | Killed Edmund
  9285 | D:4      | Killed Sigmund
  9285 | D:4      | Reached skill level 5 in Air Magic
  9645 | D:6      | Found a runed door.
  9650 | D:6      | Noticed HydraWiggins's ghost (novice GnVM)
  9696 | D:6      | Slain by a bullfrog

Vault maps used:
D:1:      giann_forest_graveyard, hangedman_decor_points,
          minmay_misc_feat_pillars, hangedman_decor_slide_cut, minivault_27,
          minmay_misc_feat_tiny
D:3:      uniq_grinder
D:4:      kennysheep_kobold_camp, first_ration, biasface_ghost_orc_armoury,
          sigmund_edmund_badplayer
D:5:      minmay_goblin_kobold_castle, grunt_temple_overflow_open, uniq_pikel
D:6:      ebering_ghost_sewer_d, grunt_tough_drop, uniq_edmund

Skill      XL: |  1  2  3  4  5  6  7  8  9 |
---------------+----------------------------+-----
Stealth        | 3 |  3.1
Conjurations   | 2 3 4 5 6 |  6.3
Summonings     | 2 |  2.0
Translocations | 2 |  2.0
Poison Magic   | 2 3 5 6 |  6.2
Air Magic      | 1 2 4 5 |  5.1
Fighting       | 1 3 |  3.2
Fire Magic     | 1 2 |  2.0
Spellcasting   | 5 |  5.5
Dodging        | |  2.6

Action                   |  1- 3 |  4- 6 |  7- 9 || total
-------------------------+-------+-------+-------++-------
Melee: Unarmed           |    28 |    43 |       ||    71
       Constrict         |     7 |    38 |    67 ||   112
       Tentacles         |     4 |    23 |    35 ||    62
       Dagger            |       |    96 |   106 ||   202
       Short sword       |       |     7 |    98 ||   105
       Whip              |       |       |    54 ||    54
 Fire: Hunting sling     |       |     2 |     3 ||     5
 Cast: Magic Dart        |    65 |    81 |    95 ||   241
       Call Imp          |     3 |     4 |     6 ||    13
       Mephitic Cloud    |       |    12 |    34 ||    46
       Blink             |       |     2 |     2 ||     4
       Conjure Flame     |       |     1 |     1 ||     2
  Use: Scroll            |       |     1 |     6 ||     7
       Potion            |       |       |     1 ||     1
 Stab: Sleeping          |     1 |     2 |     3 ||     6
       Confused          |       |     5 |    18 ||    23
       Distracted        |       |     1 |     1 ||     2
  Eat: Chunk             |     3 |     4 |    14 ||    21
       Ration            |       |     2 |     1 ||     3
Armor: Skin              |     6 |    22 |    33 ||    61
Dodge: Dodged            |    24 |    82 |   160 ||   266

Table legend:
 A = Spawn XP
 B = Non-spawn XP
 C = Spawn XP percentage of total XP
 D = Spawn monster count
 E = Non-spawn monster count
 F = Spawn count percentage of total count
 G = Total turns spent on level
                    A         B        C        D         E        F      G
               +---------+---------+-------+---------+---------+-------+---------
         Total |       0 |    3378 |   0.0 |       0 |     211 |   0.0 |  9696
               +---------+---------+-------+---------+---------+-------+---------
           D:1 |       0 |      45 |   0.0 |       0 |      25 |   0.0 |  1425
           D:2 |       0 |      61 |   0.0 |       0 |      24 |   0.0 |  1422
           D:3 |       0 |     243 |   0.0 |       0 |      30 |   0.0 |  1586
           D:4 |       0 |     997 |   0.0 |       0 |      43 |   0.0 |  1811
           D:5 |       0 |    1559 |   0.0 |       0 |      77 |   0.0 |  2916
           D:6 |       0 |     473 |   0.0 |       0 |      12 |   0.0 |   536
               +---------+---------+-------+---------+---------+-------+---------
